 Dungeon Crawl Stone Soup version 0.25.1-9-gc5326a611f (webtiles) character file.

Game seed: 17812283646914730883

5772 Eitelfritz the Carver (level 10, -3/90 HPs)
             Began as a Minotaur Gladiator on Jan 1, 2021.
             Was an Elder of Okawaru.
             Slain by a white ugly thing (23 damage)
             ... on level 8 of the Dungeon.
             The game lasted 00:19:34 (8553 turns).

Eitelfritz the Carver (Minotaur Gladiator)          Turns: 8553, Time: 00:19:34

Health: -3/90      AC: 13    Str: 20    XL:     10   Next: 49%
Magic:  9/9        EV: 14    Int:  8    God:    Okawaru [****..]
Gold:   204        SH:  0    Dex: 11    Spells: 9/9 levels left

rFire    . . .     SeeInvis .   a - +2 long sword (holy)
rCold    . . .     Gourm    .   (no shield)
rNeg     . . .     Faith    .   n - +1 chain mail {MR+}
rPois    .         Spirit   .   c - +0 hat
rElec    .         Reflect  .   t - +0 cloak
rCorr    .         Harm     .   (no gloves)
MR       +....                  (no boots)
Stlth    ..........             (no amulet)
HPRegen  0.25/turn              s - +4 ring of evasion
MPRegen  0.11/turn              (no ring)

@: hasted, very quick
A: retaliatory headbutt, horns 2
a: Heroism, Renounce Religion


You were on level 8 of the Dungeon.
You worshipped Okawaru.
Okawaru was greatly pleased with you.
You were not hungry.

You visited 2 branches of the dungeon, and saw 9 of its levels.
You also visited: Bailey.

You collected 289 gold pieces.
You spent 85 gold pieces at shops.

Inventory:

Hand Weapons
 a - a +2 long sword of holy wrath (weapon)
 o - a +0 morningstar
 u - a +0 arbalest
 x - a +1 long sword
Missiles
 d - 4 throwing nets
 p - 16 poisoned darts (quivered)
 C - 15 bolts
 D - 2 javelins
Armour
 b - a +0 leather armour
 c - a +0 hat (worn)
 n - a +1 chain mail of magic resistance (worn)
 t - a +0 cloak (worn)
Jewellery
 s - a +4 ring of evasion (left hand)
 z - a cursed -4 ring of strength {unknown}
 A - an uncursed ring of flight {unknown}
 F - an uncursed ring of fire {unknown}
Wands
 v - a wand of flame (23)
 I - a wand of acid (9)
Scrolls
 e - 5 scrolls of immolation
 g - 3 scrolls of enchant weapon
 j - 2 scrolls of fear {unknown}
 l - 3 scrolls of identify
 y - 2 scrolls of blinking
 B - 3 scrolls of magic mapping {unknown}
 E - a scroll of amnesia {unknown}
Potions
 h - 2 potions of curing
 i - a potion of cancellation
 m - a potion of flight
 q - a potion of invisibility
 r - 2 potions of mutation
 w - a potion of brilliance
 H - a potion of stabbing {unknown}
Comestibles
 f - 18 rations
 G - 3 chunks of flesh


   Skills:
 + Level 8.5 Fighting
 + Level 13.4 Long Blades
 + Level 2.8 Throwing
 + Level 9.2 Armour
 + Level 4.5 Dodging
 + Level 1.1 Stealth


You had 9 spell levels left.
You didn't know any spells.
Your spell library contained the following spells:

 Spells                   Type           Power        Failure   Level  Hunger
 Animate Skeleton         Necr           N/A          97%         1    ##.....
 Pain                     Necr           #...         97%         1    ##.....
 Vampiric Draining        Necr           #.........   100%        3    ####...
 Animate Dead             Necr           N/A          100%        4    #####..
 Agony                    Necr           #.......     100%        5    ######.


Dungeon Overview and Level Annotations

Branches:
Dungeon (8/15)             Temple (1/1) D:6            Lair (0/6) D:8
 Bailey (visited)

Altars:
Ashenzari
Cheibriados
Dithmenos
Elyvilon
Fedhas
Gozag
Hepliaklqana
Kikubaaqudgha
Makhleb
Nemelex Xobeh
Okawaru
Qazlal
Ru
Sif Muna
Trog
Uskayaw
Vehumet
Wu Jian
Xom
Yredelemnul
Zin
The Shining One

Shops:
D:8 =

Annotations:
D:2 Sigmund


Innate Abilities, Weirdness & Mutations

You reflexively headbutt those who attack you in melee.
You have a pair of horns on your head.


Message History

3 arrows; a +0 giant club You hit the wight.
The wight convulses.
The wight is heavily damaged.
The wight barely misses you.
You riposte.
You slash the wight!
You destroy the wight!
Okawaru accepts your kill.
The centaur unwields a +0 shortbow.
The centaur hits you but does no damage.
The white ugly thing claws you. The white ugly thing freezes you!
The centaur hits you.
* * * LOW HITPOINT WARNING * * *
The centaur wields a +0 shortbow.
The centaur shoots an arrow.
The arrow misses you.
There is an open door, spattered with blood here.
Things that are here:
3 arrows; a +0 giant club You feel yourself speed up.
The white ugly thing claws you.
* * * LOW HITPOINT WARNING * * *
The white ugly thing freezes you!!
You die...

...........#≈≈≈≈≈≈≈##............
.[....##...##≈≈≈≈≈##.............
.......#....#######..............
.......######..........###....#..
.......##############.........#..
...........# #......#..###
...........# #.....<##.# #
....)......##################.###
##.........#(...@uc....... #....
##.........#....(#)....... #....
[..........#..#..#..#####. ##....
...........#..#..#..# #.....
...........#..#..#..# #.....
........##.#..#..#..# ##.....
........##.#..#..#..# #.....#
...÷....##.#..#..#... ##.....#
..#........#..#..# ###......#


You could see a white ugly thing and a centaur.

Vanquished Creatures
  Gastronok (D:8)
  3 deep elf magi (Bailey)
  Prince Ribbit (D:7)
  A hippogriff (D:7)
  A hungry ghost (D:7)
  Menkaure (D:7)
  A hornet zombie (D:7)
  An orc warrior (D:8)
  2 ice beasts (D:7)
  A black bear (D:8)
  A necrophage (D:8)
  6 ogres
  A crocodile (D:8)
  5 bullfrogs
  A water moccasin zombie (D:6)
  A scorpion (D:5)
  A killer bee (D:8)
  A wight (D:8)
  A centaur zombie (D:5)
  2 crimson imps
  2 jellies (D:8)
  2 hounds (D:8)
  4 orc priests
  4 orc wizards
  3 centaur skeletons
  2 iguanas
  Terence (D:2)
  4 worker ants
  A hound zombie (D:5)
  4 gnolls (D:5)
  9 adders
  3 shadow imps
  2 worms
  3 adder zombies
  A dart slug (D:2)
  7 leopard geckos
  18 orcs
  2 ball pythons
  3 giant cockroaches
  7 hobgoblins
  12 jackals
  4 kobolds
  5 quokkas
  A ball python skeleton (D:4)
  3 bats
  4 frilled lizards
  9 goblins
  13 rats
166 creatures vanquished.

Notes
Turn   | Place    | Note
-------+----------+-------------------------------------------
     0 | D:1      | Eitelfritz the Minotaur Gladiator began the quest for the
                  | Orb.
     0 | D:1      | Reached XP level 1. HP: 18/18 MP: 0/0
   739 | D:2      | Reached XP level 2. HP: 25/25 MP: 1/1
   749 | D:2      | Reached skill level 4 in Long Blades
   881 | D:2      | Reached XP level 3. HP: 30/30 MP: 2/2
  1183 | D:2      | Noticed Sigmund
  1257 | D:3      | Reached skill level 1 in Armour
  1281 | D:3      | Noticed a water elemental
  1294 | D:3      | Found a stormy altar of Qazlal.
  1295 | D:3      | Noticed a fire elemental
  1295 | D:3      | Noticed an earth elemental
  1295 | D:3      | Noticed an air elemental
  1883 | D:3      | Reached skill level 5 in Long Blades
  1883 | D:3      | Reached XP level 4. HP: 29/37 MP: 3/3
  2383 | D:2      | Found a glowing golden altar of the Shining One.
  2451 | D:2      | Noticed Terence
  2456 | D:2      | Killed Terence
  2585 | D:2      | Found a basalt altar of Yredelemnul.
  2686 | D:2      | Found a white marble altar of Elyvilon.
  3135 | D:4      | Noticed an ogre
  3144 | D:4      | Killed an ogre
  3144 | D:4      | Reached skill level 6 in Long Blades
  3144 | D:4      | Reached XP level 5. HP: 32/45 MP: 4/4
  3294 | D:4      | Found a snail-covered altar of Cheibriados.
  3782 | D:4      | Reached XP level 6. HP: 49/51 MP: 5/5
  4109 | D:5      | Entered Level 5 of the Dungeon
  4460 | D:5      | Found a shadowy altar of Dithmenos.
  4460 | D:5      | Found an ancient bone altar of Kikubaaqudgha.
  4464 | D:5      | Found a shattered altar of Ashenzari.
  4502 | D:5      | Reached skill level 7 in Long Blades
  4671 | D:5      | Reached XP level 7. HP: 46/57 MP: 6/6
  4824 | D:5      | Found a sparkling altar of Nemelex Xobeh.
  4876 | D:5      | Found an iron altar of Okawaru.
  5331 | D:5      | Became a worshipper of Warmaster Okawaru
  5363 | D:6      | Reached skill level 8 in Long Blades
  5615 | D:6      | Reached skill level 5 in Armour
  5904 | D:6      | Found a staircase to the Ecumenical Temple.
  6055 | Temple   | Entered the Ecumenical Temple
  6192 | D:7      | Noticed Menkaure
  6194 | D:7      | Killed Menkaure
  6203 | D:7      | Reached XP level 8. HP: 66/66 MP: 7/7
  6236 | D:7      | Reached * piety under Okawaru
  6236 | D:7      | Reached skill level 9 in Long Blades
  6290 | D:7      | Reached skill level 5 in Fighting
  6324 | D:7      | Noticed Prince Ribbit
  6338 | D:7      | Killed Prince Ribbit
  6365 | D:7      | Found a hazy altar of Hepliaklqana.
  6367 | D:7      | Noticed a hippogriff
  6374 | D:7      | Killed a hippogriff
  6374 | D:7      | Reached ** piety under Okawaru
  6374 | D:7      | Reached skill level 10 in Long Blades
  6599 | D:7      | Reached XP level 9. HP: 55/75 MP: 8/8
  6617 | D:7      | Found a flagged portal.
  6632 | Bailey   | Entered a bailey
  6706 | Bailey   | Noticed a deep elf mage
  6714 | Bailey   | Killed a deep elf mage
  6714 | Bailey   | Reached skill level 11 in Long Blades
  6735 | Bailey   | Noticed a deep elf mage
  6736 | Bailey   | Noticed a deep elf mage
  6736 | Bailey   | Noticed a deep elf mage
  6736 | Bailey   | Noticed a deep elf mage
  6736 | Bailey   | Noticed a deep elf mage
  6736 | Bailey   | Noticed a deep elf mage
  6748 | Bailey   | Killed a deep elf mage
  6752 | Bailey   | Killed a deep elf mage
  7126 | D:7      | Reached skill level 12 in Long Blades
  7597 | D:8      | Found a staircase to the Lair.
  7746 | D:8      | Reached *** piety under Okawaru
  7761 | D:8      | Noticed Gastronok
  7789 | D:8      | Killed Gastronok
  7789 | D:8      | Reached **** piety under Okawaru
  7789 | D:8      | Reached skill level 13 in Long Blades
  7789 | D:8      | Reached skill level 1 in Stealth
  7789 | D:8      | Reached XP level 10. HP: 21/88 MP: 9/9
  8425 | D:8      | Found Gess's Jewellery Boutique.
  8428 | D:8      | Bought a cursed -4 ring of dexterity for 20 gold pieces
  8428 | D:8      | Bought a cursed ring of teleportation for 45 gold pieces
  8428 | D:8      | Bought a cursed amulet of inaccuracy for 20 gold pieces
  8457 | D:8      | Found a shimmering blue altar of Sif Muna.
  8548 | D:8      | Noticed a white ugly thing
  8553 | D:8      | Slain by a white ugly thing

Illustrated notes

Levels and vault maps discovered:
D:1:      lordsloth_arrival_two_stooges, layout_loops_ring
D:2:      layout_basic, kennysheep_ying_yang, marbit_many_paths, first_ration,
          uniq_sigmund, uniq_terence
D:3:      layout_loops_corners, nicolae_qazlal_style_of_elements
D:4:      layout_basic, lemuel_crystal_altar, minmay_misc_feat_room
D:5:      layout_basic, nicolae_overflow_crystal_walls,
          nemelex_xobeh_ov_fountains_minmay, minitemple, serial_glass,
          glass_columns_a, glass_columns_a
D:6:      layout_basic, minmay_temple_entry_poolview
D:7:      layout_loops_ring, old_standard_altar, enter_bailey_3,
          grunt_ogre_cave, uniq_prince_ribbit1, uniq_menkaure
D:8:      minmay_quarter_circles, layout_basic, led_sif_pool, lair_entry_dummy,
          serial_shops, shop, uniq_gastronok
Temple:   zaba_magenta_temple

Skill      XL: |  1  2  3  4  5  6  7  8  9 10 |
---------------+-------------------------------+-----
Long Blades    | 4 5 6 7 8 10 13 | 13.4
Armour         | 1 2 3 4 5 6 8 9 |  9.2
Fighting       | 3 4 6 8 |  8.5
Dodging        | 4 |  4.5
Stealth        | 1 |  1.1
Throwing       | |  2.8

Action                   |  1- 3 |  4- 6 |  7- 9 | 10-12 || total
-------------------------+-------+-------+-------+-------++-------
Melee: Long sword        |   102 |   117 |   217 |    49 ||   485
       Headbutt          |    19 |    16 |    55 |    11 ||   101
Throw: Dart              |       |     8 |     4 |       ||    12
  Use: Scroll            |       |     8 |     5 |       ||    13
       Potion            |       |       |     1 |     1 ||     2
  Eat: Chunk             |     2 |     9 |     7 |     3 ||    21
       Ration            |       |       |     1 |       ||     1
Armor: Chain mail        |    62 |    51 |    83 |    16 ||   212
Dodge: Dodged            |    51 |    79 |   122 |    24 ||   276
       Rpst.: Long sword |    19 |    12 |    29 |     8 ||    68
